 Dungeon Crawl Stone Soup version 0.25.1-9-gc5326a611f (webtiles) character file.

Game seed: 3958657867076214296

215 raphaelitos the Grasshopper (level 5, -3/43 HPs)
             Began as a Gnoll Warper on Dec 26, 2020.
             Was an Initiate of Qazlal.
             Slain by a yak (shapeshifter) (19 damage)
             ... on level 4 of the Dungeon.
             The game lasted 00:12:22 (4298 turns).

raphaelitos the Grasshopper (Gnoll Warper)          Turns: 4298, Time: 00:12:22

Health: -3/43      AC:  3    Str: 13    XL:     5   Next: 92%
Magic:  10/12      EV: 14    Int: 16    God:    Qazlal [......]
Gold:   132        SH:  0    Dex: 15    Spells: 1/14 levels left

rFire    . . .     SeeInvis .   u - +4 quarterstaff (chaos)
rCold    . . .     Gourm    .   (shield currently unavailable)
rNeg     . . .     Faith    .   b - +0 leather armour
rPois    .         Spirit   .   (no helmet)
rElec    .         Reflect  .   p - scarf {harm}
rCorr    .         Harm     +   (no gloves)
MR       .....                  (no boots)
Stlth    ++........             (no amulet)
HPRegen  0.14/turn              o - ring of wizardry
MPRegen  0.13/turn              (no ring)

@: no status effects
A: distributed training, fangs 1, strong nose
a: Renounce Religion


You were on level 4 of the Dungeon.
You worshipped Qazlal.
Qazlal was noncommittal.
You were not hungry.

You visited 1 branch of the dungeon, and saw 4 of its levels.

You collected 132 gold pieces.

Inventory:

Hand Weapons
 a - a +1 falchion
 q - a +3 whip
 u - a +4 quarterstaff of chaos (weapon)
Missiles
 e - 5 boomerangs of dispersal (quivered)
 h - 4 atropa-tipped darts
 j - 12 poisoned darts
 l - 20 sling bullets
 m - 75 arrows
Armour
 b - a +0 leather armour (worn)
 p - a scarf of harm (worn)
Jewellery
 o - a ring of wizardry (left hand)
Wands
 c - a wand of iceblast (9)
Scrolls
 d - a scroll of blinking
 k - 3 scrolls of identify
 n - a scroll of enchant weapon
 t - a scroll of random uselessness {unknown}
Potions
 i - a potion of flight {unknown}
 r - 2 potions of cancellation {unknown}
 s - 2 potions of ambrosia {unknown}
Comestibles
 f - 7 rations
 g - 2 chunks of flesh


   Skills:
 + Level 4.8 Fighting
 + Level 1.6 Short Blades
 + Level 4.8 Long Blades
 + Level 1.6 Axes
 + Level 1.6 Maces & Flails
 + Level 1.6 Polearms
 + Level 1.6 Staves
 + Level 1.6 Slings
 + Level 1.6 Bows
 + Level 1.6 Crossbows
 + Level 3.1 Throwing
 + Level 3.1 Armour
 + Level 4.8 Dodging
 + Level 1.6 Stealth
 + Level 1.6 Shields
 + Level 1.6 Unarmed Combat
 + Level 5.2 Spellcasting
 + Level 1.3 Conjurations
 + Level 1.3 Hexes
 + Level 1.3 Charms
 + Level 1.3 Summonings
 + Level 1.3 Necromancy
 + Level 5.6 Translocations
 + Level 1.3 Transmutations
 + Level 1.3 Fire Magic
 + Level 1.3 Ice Magic
 + Level 1.3 Air Magic
 + Level 1.3 Earth Magic
 + Level 1.3 Poison Magic
 + Level 1.9 Invocations
 + Level 1.6 Evocations


You had one spell level left.
You knew the following spells:

 Your Spells              Type           Power        Failure   Level  Hunger
a - Blink                 Tloc           N/A          1%          2    #......
b - Shroud of Golubria    Chrm/Tloc      ###...       2%          2    #......
c - Gell's Gravitas       Tloc           ###.......   2%          3    ###....
d - Lesser Beckoning      Tloc           ###.......   2%          3    ###....
e - Teleport Other        Tloc           ###.....     2%          3    ###....

Your spell library contained the following spells:

 Spells                   Type           Power        Failure   Level  Hunger
 Passage of Golubria      Tloc           N/A          8%          4    ####...


Dungeon Overview and Level Annotations

Branches:
Dungeon (4/15)
 Temple: D:4-7

Altars:
Cheibriados
Dithmenos
Elyvilon
Fedhas
Hepliaklqana
Qazlal
Ru
Trog
Zin
The Shining One


Innate Abilities, Weirdness & Mutations

Your experience applies equally to all skills.
You have very sharp teeth.
Your uncanny sense of smell can sniff out nearby items.


Message History

You bite the shapeshifter.
The shapeshifter is lightly wounded.
The shapeshifter changes into a polar bear!
You sock the polar bear!
You bite the polar bear, but do no damage.
The polar bear is moderately wounded.
The polar bear bites you. The polar bear claws you.
The polar bear closely misses you.
You hit the polar bear but do no damage.
The polar bear is moderately wounded.
The polar bear bites you! The polar bear barely misses you.
The polar bear claws you.
Casting: Shroud of Golubria (safe; 2% risk of failure)
Confirm with . or Enter, or press ? or * to list all spells.
You blink.
The polar bear changes into a yak!
The yak closely misses you.
You thump the yak!
The yak is moving more slowly.
The yak is moderately wounded.
The yak gores you!
You die...

#.# #.# #.# #.#
#.# #.# #.#
#.############.#
#......Y@......#
################


You could see a yak shaped shifter (petrifying).

Vanquished Creatures
  An orc priest (D:3)
  Crazy Yiuf (D:3)
  3 gnolls (D:3)
  6 adders
  3 worms
  A dart slug (D:2)
  A leopard gecko (D:2)
  5 orcs (D:3)
  6 giant cockroaches
  5 goblins
  A hobgoblin (D:2)
  3 jackals (D:3)
  A quokka (D:3)
  A ball python (D:2)
  10 bats
  4 frilled lizards
  4 kobolds
  11 rats
67 creatures vanquished.

Notes
Turn   | Place    | Note
-------+----------+-------------------------------------------
     0 | D:1      | raphaelitos the Gnoll Warper began the quest for the Orb.
     0 | D:1      | Reached XP level 1. HP: 20/20 MP: 6/6
   422 | D:1      | Reached XP level 2. HP: 18/26 MP: 7/7
   803 | D:1      | Learned a level 2 spell: Blink
   806 | D:1      | Learned a level 2 spell: Shroud of Golubria
  1055 | D:2      | Reached XP level 3. HP: 5/31 MP: 9/9
  1358 | D:2      | Reached skill level 5 in Spellcasting
  1373 | D:2      | Learned a level 3 spell: Gell's Gravitas
  1377 | D:2      | Learned a level 3 spell: Lesser Beckoning
  1583 | D:2      | Found a bloodstained altar of Trog.
  1689 | D:2      | Reached skill level 1 in Invocations
  1696 | D:2      | Reached skill level 1 in Short Blades
  1696 | D:2      | Reached skill level 1 in Axes
  1696 | D:2      | Reached skill level 1 in Maces & Flails
  1696 | D:2      | Reached skill level 1 in Polearms
  1696 | D:2      | Reached skill level 1 in Staves
  1696 | D:2      | Reached skill level 1 in Slings
  1696 | D:2      | Reached skill level 1 in Bows
  1696 | D:2      | Reached skill level 1 in Crossbows
  1696 | D:2      | Reached skill level 1 in Stealth
  1696 | D:2      | Reached skill level 1 in Shields
  1696 | D:2      | Reached skill level 1 in Unarmed Combat
  1696 | D:2      | Reached skill level 1 in Evocations
  1706 | D:2      | Reached XP level 4. HP: 26/38 MP: 3/11
  2006 | D:2      | Found a hazy altar of Hepliaklqana.
  2006 | D:2      | Found a blossoming altar of Fedhas.
  2011 | D:2      | Found a shadowy altar of Dithmenos.
  2013 | D:2      | Found a stormy altar of Qazlal.
  2015 | D:2      | Found a snail-covered altar of Cheibriados.
  2480 | D:2      | Became a worshipper of Qazlal Stormbringer
  2550 | D:3      | Found a sacrificial altar of Ru.
  2571 | D:3      | Reached skill level 1 in Conjurations
  2571 | D:3      | Reached skill level 1 in Hexes
  2571 | D:3      | Reached skill level 1 in Charms
  2571 | D:3      | Reached skill level 1 in Summonings
  2571 | D:3      | Reached skill level 1 in Necromancy
  2571 | D:3      | Reached skill level 1 in Transmutations
  2571 | D:3      | Reached skill level 1 in Fire Magic
  2571 | D:3      | Reached skill level 1 in Ice Magic
  2571 | D:3      | Reached skill level 1 in Air Magic
  2571 | D:3      | Reached skill level 1 in Earth Magic
  2571 | D:3      | Reached skill level 1 in Poison Magic
  2810 | D:3      | Learned a level 3 spell: Teleport Other
  2812 | D:3      | Reached XP level 5. HP: 38/43 MP: 2/12
  3552 | D:3      | Found a runed translucent door.
  3553 | D:3      | Noticed Crazy Yiuf
  3575 | D:3      | Found a white marble altar of Elyvilon.
  3575 | D:3      | Found a glowing golden altar of the Shining One.
  3575 | D:3      | Found a glowing silver altar of Zin.
  4096 | D:3      | Killed Crazy Yiuf
  4292 | D:4      | Noticed a shapeshifter
  4292 | D:4      | a hound changed into a shapeshifter
  4292 | D:4      | Noticed a polar bear
  4292 | D:4      | a shapeshifter changed into a polar bear
  4295 | D:4      | Noticed a yak
  4295 | D:4      | a polar bear changed into a yak
  4298 | D:4      | Slain by a yak (shapeshifter)

Illustrated notes

Levels and vault maps discovered:
D:1:      matt_arrival_los_fun, layout_basic, serial_glass, glass_columns_b,
          glass_columns_b, minmay_misc_feat_rows
D:2:      minmay_alternating_diamond, layout_loops_ring, old_standard_altar,
          chequers_temple_overflow_minitemple, kennysheep_decorative_pillar,
          kennysheep_boxes
D:3:      layout_loops_cross, good_gods_mini_temple,
          nicolae_overflow_crystal_walls, st_stairs_13, uniq_crazy_yiuf_cottage
D:4:      layout_loops_ring, first_ration, serial_park_tiny_1, uniq_robin

Skill      XL: |  1  2  3  4  5 |
---------------+----------------+-----
Spellcasting   | 5 |  5.2
Invocations    | 1 |  1.9
Short Blades   | 1 |  1.6
Axes           | 1 |  1.6
Maces & Flails | 1 |  1.6
Polearms       | 1 |  1.6
Staves         | 1 |  1.6
Slings         | 1 |  1.6
Bows           | 1 |  1.6
Crossbows      | 1 |  1.6
Stealth        | 1 |  1.6
Shields        | 1 |  1.6
Unarmed Combat | 1 |  1.6
Evocations     | 1 |  1.6
Conjurations   | 1 |  1.3
Hexes          | 1 |  1.3
Charms         | 1 |  1.3
Summonings     | 1 |  1.3
Necromancy     | 1 |  1.3
Transmutations | 1 |  1.3
Fire Magic     | 1 |  1.3
Ice Magic      | 1 |  1.3
Air Magic      | 1 |  1.3
Earth Magic    | 1 |  1.3
Poison Magic   | 1 |  1.3
Throwing       | 3 |  3.1
Armour         | 3 |  3.1
Fighting       | |  4.8
Long Blades    | |  4.8
Dodging        | |  4.8
Translocations | |  5.6

Action                   |  1- 3 |  4- 6 || total
-------------------------+-------+-------++-------
Melee: Falchion          |    77 |    75 ||   152
       Bite              |    14 |    23 ||    37
       Whip              |       |    42 ||    42
       Quarterstaff      |       |     4 ||     4
 Cast: Lesser Beckoning  |     2 |    11 ||    13
       Gell's Gravitas   |     2 |     8 ||    10
       Shroud of Golubri |     1 |     3 ||     4
       Blink             |     1 |     2 ||     3
  Use: Scroll            |     3 |       ||     3
 Stab: Sleeping          |       |     2 ||     2
  Eat: Chunk             |     3 |     6 ||     9
       Ration            |       |     1 ||     1
Armor: Leather armour    |    31 |    20 ||    51
       Ring mail         |     1 |       ||     1
Dodge: Dodged            |    92 |   112 ||   204
       Rpst.: Falchion   |    35 |    17 ||    52
